 Dungeon Crawl Stone Soup version 0.21.0-37-g46506fa (webtiles) character file.

184 JeffiDaFish the Shield-Bearer (level 5, -8/33 HPs)
             Began as a Gargoyle Fighter on Jan 31, 2018.
             Killed by divine providence
             ... invoked by an orc priest
              (13 damage)
             ... on level 3 of the Dungeon.
             The game lasted 00:04:09 (1736 turns).

JeffiDaFish the Shield-Bearer (Gargoyle Fighter)    Turns: 1736, Time: 00:04:10

Health: -8/33      AC: 13    Str: 25    XL:     5   Next: 63%
Magic:  5/5        EV:  8    Int:  8    God:
Gold:   92         SH: 10    Dex: 13    Spells: 4/4 levels left

rFire    . . .     SeeInvis .   a - +1 flail
rCold    . . .     Gourm    .   c - +0 shield
rNeg     + . .     Faith    .   b - +0 scale mail
rPois    ∞         Spirit   .   (no helmet)
rElec    +         Reflect  .   e - +1 cloak
rCorr    .         Harm     .   (no gloves)
MR       .....     Rnd*Tele +   (no boots)
Stlth    ..........             (no amulet)
HPRegen  0.11/turn              i - +3 ring of dexterity
MPRegen  0.09/turn              j - ring of teleportation (curse)

@: mighty
A: negative energy resistance 1, electricity resistance, unbreathing,
petrification resistance, rot immunity, AC +4
a: no special abilities


You were on level 3 of the Dungeon.
You were not hungry.

You visited 1 branch of the dungeon, and saw 3 of its levels.

You collected 92 gold pieces.

Inventory:

Hand Weapons
 a - a +1 flail (weapon)
Armour
 b - a +0 scale mail (worn)
 c - a +0 shield (worn)
 e - a +1 cloak (worn)
Jewellery
 i - a +3 ring of dexterity (left hand)
 j - a cursed ring of teleportation (right hand)
Wands
 k - a wand of disintegration (4)
 l - a wand of paralysis (11)
Scrolls
 h - 2 scrolls of identify
Comestibles
 f - 4 rations
 g - 7 chunks of flesh


   Skills:
 + Level 4.0 Fighting
 + Level 3.6 Maces & Flails
 + Level 3.6 Armour
 + Level 1.2 Dodging
 + Level 4.5 Shields


You had 4 spell levels left.
You didn't know any spells.

Dungeon Overview and Level Annotations

Branches:
Dungeon (3/15)

Altars:
Cheibriados
Dithmenos


Innate Abilities, Weirdness & Mutations

You are resistant to torment.
Your stone body is resilient. (AC +4)
You are immune to poison.
You resist negative energy. (rN+)
You are resistant to electric shocks. (rElec)
You can survive without breathing.
You are immune to petrification.
You are immune to rotting.


Message History

You kill the orc!
Something hits you but does no damage.
You thump the orc!
You kill the orc!
You feel less confused.
The goblin unwields an uncursed club.
The goblin wields a hunting sling.
The goblin shoots a stone.
The stone hits you but does no damage.
You hear some strange, mumbled words.
A magic dart appears from out of thin air!
The magic dart hits you!
* * * LOW HITPOINT WARNING * * *
You feel very mighty all of a sudden. You block something's attack.
The orc hits you with a mace.
* * * LOW HITPOINT WARNING * * *
You thump the orc!
You kill the orc!
Something hits you but does no damage.
The orc priest mumbles some strange prayers to Beogh against you.
Beogh smites you!
You die...

..........##.#......#
..........##.#......#
..........##.#......# .
..........+.........# o..
..........##.#....o[###o....
.............##.#o##[{o.....
..........#.....#{##.oo.....
######.###.#####.##o.......
#...#...@##.##........
####..##..#o##.##........
#.........#go..##........
#.#######.#######....!...
#...##..... #........
#####.##.#### #...#)...#..#
#.#...)#....##########
####......#.#.###........


You could see an orc priest, an orc and a goblin.

Vanquished Creatures
  Ijyb (D:3)
  Natasha (twice) (D:3)
  4 adders (D:2)
  An ooze (D:1)
  2 worms
  A dart slug (D:1)
  2 leopard geckos (D:2)
  5 orcs (D:3)
  6 bats
  A giant cockroach (D:1)
  3 goblins (D:2)
  7 hobgoblins
  2 jackals (D:3)
  4 kobolds
  3 quokkas
  2 ball pythons
  2 frilled lizards
  9 rats
57 creatures vanquished.

Notes
Turn   | Place    | Note
-------+----------+-------------------------------------------
     0 | D:1      | JeffiDaFish the Gargoyle Fighter began the quest for the Orb.
     0 | D:1      | Reached XP level 1. HP: 14/14 MP: 1/1
   159 | D:1      | Reached XP level 2. HP: 19/19 MP: 2/2
   891 | D:2      | Reached XP level 3. HP: 24/24 MP: 3/3
   950 | D:2      | Found a snail-covered altar of Cheibriados.
   950 | D:2      | Found a shadowy altar of Dithmenos.
  1040 | D:2      | Reached XP level 4. HP: 27/29 MP: 4/4
  1277 | D:2      | Reached skill level 1 in Dodging
  1582 | D:3      | Noticed Natasha
  1583 | D:3      | Noticed Ijyb
  1588 | D:3      | Killed Natasha
  1588 | D:3      | Reached XP level 5. HP: 33/33 MP: 5/5
  1588 | D:3      | Paralysed by Ijyb for 6 turns
  1609 | D:3      | Killed Ijyb
  1701 | D:3      | Noticed Natasha
  1706 | D:3      | Killed Natasha
  1736 | D:3      | Killed from afar by an orc priest

Skill      XL: |  1  2  3  4 |
---------------+-------------+-----
Maces & Flails | 3 |  3.6
Dodging        | 1 |  1.2
Fighting       | 4 |  4.0
Shields        | 4 |  4.5
Armour         | |  3.6

Action                   |  1- 3 |  4- 6 || total
-------------------------+-------+-------++-------
Melee: Flail             |    88 |   105 ||   193
  Use: Scroll            |     4 |     2 ||     6
       Potion            |       |     2 ||     2
  Eat: Chunk             |       |     3 ||     3
Armor: Scale mail        |    70 |    51 ||   121
Dodge: Dodged            |    26 |    43 ||    69
Block: Shield            |    49 |    55 ||   104
